 Seeded DCSS version 0.29-a0-870-g2c972031a6 (webtiles) character file.

Game seed: 8897551386731462229 (custom seed)

21 wilfster70 the Insei (level 2, 23/23 HPs)
             Began as a Gnoll Transmuter on July 18, 2022.
             Quit the game on level 1 of the Dungeon.
             The game lasted 00:02:23 (780 turns).

wilfster70 the Insei (Gnoll Transmuter)              Turns: 780, Time: 00:02:23

Health: 23/23      AC:  3    Str:  9    XL:     2   Next: 83%
Magic:  7/7        EV: 13    Int: 12    God:
Gold:   746        SH:  0    Dex: 12    Spells: 9/10 levels left

rFire   . . .      SeeInvis .     - Unarmed
rCold   . . .      Faith    .   (no shield)
rNeg    . . .      Spirit   .   a - +0 robe
rPois   .          Reflect  .   (no helmet)
rElec   .          Harm     .   (no cloak)
rCorr   .          Rampage  .   f - +0 pair of gloves
Will    .....                   (no boots)
Stlth   +.........              (no amulet)
HPRegen 0.07/turn               (no ring)
MPRegen 0.10/turn               (no ring)

@: no status effects
A: fangs 1, strong nose, distributed training
a: no special abilities


You were on level 1 of the Dungeon.
You visited 1 branch of the dungeon, and saw 1 of its levels.

You collected 746 gold pieces.

Inventory:

Missiles
 d - 2 javelins
Armour
 a - a +0 robe (worn)
 f - a +0 pair of gloves (worn)
Scrolls
 e - a scroll of enchant armour {unknown}
 g - a scroll of magic mapping {unknown}
 h - 2 scrolls of poison {unknown}
 i - a scroll of noise {unknown}
 j - a scroll of acquirement
Potions
 b - a potion of lignification
 c - a potion of curing {unknown}


   Skills:
 + Level 2.5 Fighting
 + Level 0.5 Short Blades
 + Level 0.5 Long Blades
 + Level 0.5 Axes
 + Level 0.5 Maces & Flails
 + Level 0.5 Polearms
 + Level 0.5 Staves
 + Level 0.5 Ranged Weapons
 + Level 0.5 Throwing
 + Level 0.5 Armour
 + Level 4.5 Dodging
 + Level 0.5 Stealth
 + Level 0.5 Shields
 + Level 6.5 Unarmed Combat
 + Level 4.9 Spellcasting
 + Level 0.4 Conjurations
 + Level 0.4 Hexes
 + Level 0.4 Summonings
 + Level 0.4 Necromancy
 + Level 0.4 Translocations
 + Level 3.7 Transmutations
 + Level 0.4 Fire Magic
 + Level 0.4 Ice Magic
 + Level 0.4 Air Magic
 + Level 0.4 Earth Magic
 + Level 0.4 Poison Magic
 + Level 0.7 Invocations
 + Level 0.5 Evocations


You had 9 spell levels left.
You knew the following spells:

 Your Spells              Type           Power      Damage    Failure   Level
a - Beastly Appendage     Tmut           22%        N/A       4%          1

Your spell library contained the following spells:

 Spells                   Type           Power      Damage    Failure   Level
 Wereblood                Tmut           11%        N/A       7%          2
 Apportation              Tloc           6%         N/A       17%         1
 Necrotise                Necr           12%        1d4       17%         1
 Summon Small Mammal      Summ           12%        N/A       17%         1
 Spider Form              Tmut/Pois      7%         N/A       26%         3
 Ice Form                 Ice/Tmut       7%         N/A       65%         4


Dungeon Overview and Level Annotations

Branches:
Dungeon (1/15)

Altars:


Innate Abilities, Weirdness & Mutations

You have very sharp teeth.
Your uncanny sense of smell can sniff out nearby items.
Your experience applies equally to all skills.


Message History

A frilled lizard comes into view.
Found a mace and a scroll labelled SEAPEI FOCOSA.
The frilled lizard hisses angrily.
Casting: Beastly Appendage (safe; 4% risk of failure)
Confirm with . or Enter, or press ? or * to list all spells.
You miscast Beastly Appendage.
You are very lightly contaminated with residual magic.
Nothing appears to happen.
A frilled lizard comes into view.
The endoplasm closely misses you.
You punch the endoplasm!
You kill the endoplasm!
The frilled lizard barely misses you.
You miss the frilled lizard. Your bite misses the frilled lizard.
The frilled lizard closely misses you.
Your magical contamination has completely faded away.
You punch the frilled lizard!
You kill the frilled lizard!
The frilled lizard bites you.
You hit the frilled lizard.
You kill the frilled lizard!
You see here a frilled lizard corpse.
You now have 738 gold pieces (gained 14).
You see here a frilled lizard corpse.
HP restored.
Found an escape hatch in the floor.
g - a scroll labelled UCVAEQEECA
Found a leather armour.
h - a scroll labelled TANIPI VUNG
i - a scroll labelled SEAPEI FOCOSA
h - 2 scrolls labelled TANIPI VUNG (gained 1)
You now have 746 gold pieces (gained 8).
j - a scroll of acquirement
There is an escape hatch in the floor here.
Found 5 stones.
You see here 5 stones.
Done exploring.
Done exploring.
Unknown command.
Are you sure you want to abandon this character and quit the game? (Confirm with "yes".)

#####...⌠..##....#
'†..#......#######
###.#......# #
#...#############
#####...........#.#
....#......####.#.#
###...#....# #.#.#
...........# #(#.#
..####.....# #.@.#
..# #.....# #####
..####.....#
##.#.####.^# ##.#.#
#..# #.#.## #..#
###.#.###..#
..####....## ..#
#....#


There were no monsters in sight!

Vanquished Creatures
  A dart slug (D:1)
  A bat (D:1)
  3 endoplasms (D:1)
  2 hobgoblins (D:1)
  4 jackals (D:1)
  A kobold (D:1)
  4 frilled lizards (D:1)
16 creatures vanquished.

Notes
Turn   | Place    | Note
-------+----------+-------------------------------------------
     0 | D:1      | wilfster70 the Gnoll Transmuter began the quest for the
                  | Orb.
     0 | D:1      | Reached XP level 1. HP: 17/17 MP: 6/6
   190 | D:1      | Reached XP level 2. HP: 23/23 MP: 5/7
   367 | D:1      | Identified a scroll of acquirement
   367 | D:1      | Acquired 655 gold pieces
   780 | D:1      | Quit the game

Illustrated notes

Levels and vault maps discovered:
D:1:      lemuel_arrival_behind_the_door_large, layout_basic, minivault_24,
          dreamdust_wishing_well, moated_statue, minmay_hedge_maze

Action                   || total
-------------------------++-------
Melee: Unarmed           ||    28
       Kick              ||     7
       Punch             ||     1
       Headbutt          ||     2
 Cast: Beastly Appendage ||     7
  Use: Scroll            ||     1
Armor: Robe              ||     4
Dodge: Dodged            ||    16

Table legend: (Time is in decaauts)
 A = Elapsed time spent in this place.
 B = Non-inter-level travel time spent in this place.
 C = Inter-level travel time spent in this place.
 D = Time resting spent in this place.
 E = Time spent auto-exploring this place.
 F = Levels seen in this place.
 G = Mean time per level.
                   A        B        C        D        E       F      G
               +--------+--------+--------+--------+--------+-----+--------+
         Total |    776 |    776 |      0 |    177 |    298 |   1 |  776.0 |
       Dungeon |    776 |    776 |      0 |    177 |    298 |   1 |  776.0 |
               +--------+--------+--------+--------+--------+-----+--------+

Top non-repeatable levels by time:
     D:1: 776 daAuts
